 Dungeon Crawl Stone Soup version 0.28-a0-1339-ga5422284a4 (webtiles) character file.

Game seed: 1042716456988762225

199 vivovinco the Skirmisher (level 5, 0/44 HPs)
             Began as a Palentonga Abyssal Knight on Dec 29, 2021.
             Was a Believer of Lugonu.
             Slain by a jelly (3 damage)
             ... on level 4 of the Dungeon.
             The game lasted 00:13:33 (3831 turns).

vivovinco the Skirmisher (PaAK)                     Turns: 3831, Time: 00:13:34

Health: 0/44       AC: -3    Str: 18    XL:     5   Next: 48%
Magic:  6/6        EV:  9    Int: 10    God:    Lugonu [**....]
Gold:   128        SH:  0    Dex: 11    Spells: 4/4 levels left

rFire   . . .      SeeInvis +   a - +1 hand axe
rCold   + . .      Faith    .   (no shield)
rNeg    . . .      Spirit   .   e - +1 chain mail {rC+}
rPois   .          Reflect  .   (no helmet)
rElec   .          Harm     .   (no cloak)
rCorr   .          Rampage  .   q - +2 pair of gloves
Will    +....                   (no barding)
Stlth   ..........              (no amulet)
HPRegen 0.14/turn               d - +4 ring of evasion
MPRegen 0.10/turn               m - ring of willpower

@: corroded
A: large, rugged brown scales 3, see invisible, deformed body, roll 1, armoured
tail
a: Rolling Charge, Renounce Religion, Depart the Abyss, Bend Space


You were on level 4 of the Dungeon.
You worshipped Lugonu.
Lugonu was pleased with you.
You visited 1 branch of the dungeon, and saw 4 of its levels.
You visited the Abyss 1 time.

You collected 128 gold pieces.

Inventory:

Hand Weapons
 a - a +1 hand axe (weapon)
Missiles
 b - 190 stones
 f - 6 poisoned darts
Armour
 e - a +1 chain mail of cold resistance (worn)
 q - a +2 pair of gloves (worn)
Jewellery
 d - a +4 ring of evasion (left hand)
 m - a ring of willpower (right hand)
 r - a ring of willpower
 s - a ring of resist corrosion
Wands
 p - a wand of iceblast (10)
Scrolls
 c - 4 scrolls of identify {unknown}
 g - 2 scrolls of enchant armour {unknown}
 h - a scroll of amnesia {unknown}
 l - 2 scrolls of teleportation {unknown}
 n - a scroll of immolation {unknown}
 o - a scroll of fog {unknown}
Potions
 i - a potion of degeneration {unknown}
 j - a potion of attraction {unknown}
 k - a potion of heal wounds {unknown}
 t - a potion of mutation {unknown}


   Skills:
 + Level 4.0 Fighting
 + Level 3.7 Axes
 + Level 0.9 Throwing
 + Level 2.8 Armour
 + Level 1.1 Dodging
 - Level 2.0 Invocations


You had 4 spell levels left.
You didn't know any spells.
Your spell library contained the following spells:

 Spells                   Type           Power      Damage    Failure   Level
 Gell's Gravitas          Tloc           0%         N/A       100%        3
 Teleport Other           Tloc           0%         N/A       100%        3
 Dispersal                Tloc           0%         N/A       100%        6


Dungeon Overview and Level Annotations

Branches:
Dungeon (4/15)
 Temple: D:4-7

Altars:
Xom

Shops:
D:1 !


Innate Abilities, Weirdness & Mutations

You are completely covered in rugged brown scales. (AC +3, +7% HP)
You have supernaturally acute eyesight. (SInv)
Armour fits poorly on your strangely shaped body.
You can roll at nearby foes to attack.
You have a long armoured tail.


Message History

You hit the adder skeleton. You tail-slap the adder skeleton.
The adder skeleton is almost destroyed.
The adder skeleton bites you but does no damage.
You hit the adder skeleton.
You destroy the adder skeleton!
Lugonu accepts your kill.
Roll where?
Press: ? - help, Q - select action, (/) - cycle Dir - move target, f - endoplasm
Aim: an endoplasm You roll forward with a clatter of scales!
You slash the endoplasm!
You kill the endoplasm!
Lugonu accepts your kill.
Your Fighting skill increases to level 4!
b - 188 stones (gained 1)
b - 190 stones (gained 2)
Found a stone staircase leading down.
l - 2 scrolls labelled KOMIXTOKHECH (gained 1)
There is a stone staircase leading down here.
A jelly comes into view.
The jelly quivers.
You hit the jelly but do no damage. The acid corrodes you!
Your hands burn!
The jelly hits you but does no damage.
You hit the jelly but do no damage.
Your hands burn!
The jelly hits you. The acid corrodes you!
You are splashed with acid.
You hit the jelly but do no damage. The acid corrodes you!
Your hands burn!
The jelly hits you. The acid corrodes you!
You are splashed with acid!
The jelly hits you.
You are splashed with acid!
* * * LOW HITPOINT WARNING * * *
You hit the jelly.
Your hands burn!
* * * LOW HITPOINT WARNING * * *
You tail-slap the jelly, but do no damage.
The jelly is lightly wounded.
The jelly barely misses you.
You hit the jelly.
Your hands burn!
* * * LOW HITPOINT WARNING * * *
You tail-slap the jelly, but do no damage.
The jelly is lightly wounded.
The jelly hits you.
You die...

......## ......# #.#.(.#
#.....# ..##.. #.....#
..#... #.##....# .#.....
#.......#
##.###.#.######J@.######
...#............>.......
...#.#.#.........#######
...#.#.........#.#
...#.#......##.#.#
...#.#.####.##.#.#
..........#.##.#.#
<#.#.#... #.##.#.#
.#.#.######.##.#.#


You could see a jelly.

Vanquished Creatures
  A hound (D:3)
  Terence (D:2)
  3 adders (D:3)
  An adder skeleton (D:4)
  3 worms
  10 dart slugs
  5 orcs
  11 ball pythons
  6 endoplasms
  A giant cockroach (D:2)
  7 goblins
  4 hobgoblins
  4 jackals
  4 quokkas
  7 bats
  4 frilled lizards
  2 kobolds
  6 rats
80 creatures vanquished.

Notes
Turn   | Place    | Note
-------+----------+-------------------------------------------
     0 | Abyss:1  | vivovinco the Palentonga Abyssal Knight began the quest for
                  | the Orb.
     0 | Abyss:1  | Reached XP level 1. HP: 19/19 MP: 2/2
   158 | Abyss:1  | Noticed a large abomination
   162 | D:1      | Escaped the Abyss
   434 | D:1      | Reached XP level 2. HP: 16/25 MP: 3/3
   703 | D:2      | Found a shimmering altar of Xom.
   723 | D:1      | Reached * piety under Lugonu
  1021 | D:1      | Found Ciapsull's Distillery.
  1261 | D:2      | Reached XP level 3. HP: 31/31 MP: 4/4
  1443 | D:2      | Reached skill level 1 in Dodging
  1586 | D:2      | Noticed Terence
  1597 | D:2      | Killed Terence
  1598 | D:2      | Reached XP level 4. HP: 23/39 MP: 5/5
  1966 | D:2      | Reached ** piety under Lugonu
  2471 | D:3      | Found a faded altar of an unknown god.
  2566 | D:3      | Reached XP level 5. HP: 25/44 MP: 6/6
  3552 | D:4      | Noticed an ogre
  3806 | D:4      | Reached skill level 4 in Fighting
  3831 | D:4      | Slain by a jelly

Illustrated notes

Levels and vault maps discovered:
D:1:      dpeg_arrival_round_c, layout_loops_ring, serial_shops,
          nicolae_diamond_shop, nicolae_concentric_dashed_squares_mild
D:2:      minmay_chambers_of_twos, layout_basic, basic_altar, minivault_26,
          uniq_terence
D:3:      kb_forest_paths, layout_basic, ebering_ecumenical_altar_abandoned,
          ebering_dispersal_statue_hall, st_stairs_5
D:4:      layout_basic, serial_shops, shop, uniq_blork_the_orc, uniq_duvessa,
          uniq_robin

Skill      XL: |  1  2  3  4  5 |
---------------+----------------+-----
Armour         | 2 |  2.8
Dodging        | 1 |  1.1
Axes           | 3 |  3.7
Fighting       | 4 |  4.0
Throwing       | |  0.9
Invocations    | |  2.0

Action                   |  1- 3 |  4- 6 || total
-------------------------+-------+-------++-------
Melee: Hand axe          |   104 |   134 ||   238
       Tailslap          |    10 |    11 ||    21
Throw: Dart              |     4 |    13 ||    17
       Stone             |       |     3 ||     3
Invok: Depart the Abyss  |     1 |       ||     1
 Abil: Rolling Charge    |    24 |    25 ||    49
Armor: Chain mail        |    75 |    61 ||   136
Dodge: Dodged            |    20 |    32 ||    52

Table legend: (Time is in decaauts)
 A = Elapsed time spent in this place.
 B = Non-inter-level travel time spent in this place.
 C = Inter-level travel time spent in this place.
 D = Time resting spent in this place.
 E = Time spent auto-exploring this place.
 F = Levels seen in this place.
 G = Mean time per level.
                   A        B        C        D        E       F      G
               +--------+--------+--------+--------+--------+-----+--------+
         Total |   3874 |   3687 |    187 |    576 |   2419 |   5 |  774.8 |
       Dungeon |   3712 |   3525 |    187 |    576 |   2273 |   4 |  928.0 |
         Abyss |    162 |    162 |      0 |      0 |    146 |   1 |  162.0 |
               +--------+--------+--------+--------+--------+-----+--------+

Top non-repeatable levels by time:
     D:3: 1247 daAuts
     D:2: 1216 daAuts
     D:1: 1064 daAuts
     D:4: 182 daAuts
 Abyss:1: 162 daAuts
